ESL (28 & UNDER)
READING RAINBOWS @ INTERCOURSE AMISH
07/14/2029
 
TOP OF THE 1ST
Reading Rainbows batting - Pitching for Intercourse Amish : RHP Jeremiah Moran
Pitching: RHP Jeremiah Moran
Batting: LHB Júlio Lorenzo 0-0: SINGLE (Groundball, 34D)
Batting: RHB José Moreno 0-0: Ball
1-0: Fly out, F9 (Flyball, 89M)
Batting: RHB Juan Magdayao 0-0: Ball
1-0: Ball
2-0: Ball
3-0: Called Strike
3-1: Called Strike
3-2: Base on Balls
Júlio Lorenzo to second
Batting: RHB Ethan Moore 0-0: Called Strike
0-1: Foul Ball, location: 2F
0-2: Fly out, F8 (Flyball, 8RXD)
Runner from 2nd tags up, SAFE at 3rd, no throw
Batting: LHB Ryan Flynn 0-0: SINGLE (Flyball, 9S)
Júlio Lorenzo scores
Juan Magdayao to second
Runner from 2nd tries for 3rd, SAFE, no throw
Batting: RHB Hubert Brown 0-0: Fielders Choice at 2nd, 6-4 (Groundball, 6)
Top of the 1st over - 1 run, 2 hits, 0 errors, 2 left on base; Reading 1 - Intercourse 0
BOTTOM OF THE 1ST
Intercourse Amish batting - Pitching for Reading Rainbows : RHP Matt Barlow
Pitching: RHP Matt Barlow
Batting: RHB Pablo Díaz 0-0: Swinging Strike
0-1: Called Strike
0-2: Ball
1-2: Ball
2-2: Foul Ball, location: 2F
2-2: Fly out, F6 (Popup, 6D)
Batting: LHB Jesús Rojas 0-0: Fly out, F7 (Flyball, 7S)
Batting: LHB Dave Reynolds 0-0: Called Strike
0-1: SINGLE (Flyball, 89S)
Batting: RHB Juan Estrada 0-0: Ground out 4-3 (Groundball, 4)
Bottom of the 1st over - 0 runs, 1 hit, 0 errors, 1 left on base; Reading 1 - Intercourse 0
TOP OF THE 2ND
Reading Rainbows batting - Pitching for Intercourse Amish : RHP Jeremiah Moran
Batting: RHB Richard Case 0-0: Called Strike
0-1: Ground out U3 (Groundball, 3L)
Batting: RHB Spike Kennedy 0-0: Hit by Pitch
Batting: SHB Johnny Jackson 0-0: Foul Ball, location: 2F
0-1: Ball
1-1: Called Strike
1-2: Foul Ball, location: 2F
1-2: SINGLE (Flyball, 9LS)
Spike Kennedy to second
Runner from 2nd tries for 3rd, SAFE, throw made to third
Batting: LHB Júlio Lorenzo 0-0: Foul Ball, location: 2F
0-1: Swinging Strike
0-2: Ball
1-2: Strikes out looking
Batting: RHB José Moreno 0-0: Ball
1-0: Foul Ball, location: 2F
1-1: Ball
2-1: Ground out 4-3 (Groundball, 4)
Top of the 2nd over - 0 runs, 1 hit, 0 errors, 2 left on base; Reading 1 - Intercourse 0
BOTTOM OF THE 2ND
Intercourse Amish batting - Pitching for Reading Rainbows : RHP Matt Barlow
Batting: RHB Mitsuoki Taguchi 0-0: Ball
1-0: Ball
2-0: Ball
3-0: Base on Balls
Batting: LHB Tony O'Bryan 0-0: Called Strike
0-1: Swinging Strike
0-2: Ball
1-2: Foul Ball, location: 2F
1-2: Ball
2-2: Fly out, F8 (Flyball, 8RM)
Batting: LHB Bruce Foster 0-0: Fly out, F8 (Flyball, 8LM)
Batting: SHB Conan Hanson 0-0: Ball
1-0: Swinging Strike
1-1: Swinging Strike
1-2: Ball
2-2: SINGLE (Line Drive, 7S)
Mitsuoki Taguchi to second
Runner from 2nd tries for 3rd, SAFE, no throw
Batting: RHB Roberto Solís 0-0: Ball
Conan Hanson steals 2nd base
1-0: Fly out, F8 (Flyball, 8LD)
Bottom of the 2nd over - 0 runs, 1 hit, 0 errors, 2 left on base; Reading 1 - Intercourse 0
TOP OF THE 3RD
Reading Rainbows batting - Pitching for Intercourse Amish : RHP Jeremiah Moran
Batting: RHB Juan Magdayao 0-0: DOUBLE (Line Drive, 7LM)
Batting: RHB Ethan Moore 0-0: Ball
1-0: Ball
2-0: Ball
3-0: Called Strike
3-1: Foul Ball, location: 2F
3-2: Foul Ball, location: 2F
3-2: Foul Ball, location: 2F
3-2: Strikes out swinging
Batting: LHB Ryan Flynn 0-0: Called Strike
0-1: Ball
1-1: Ground out 4-3 (Groundball, 4S)
Juan Magdayao to third
Batting: RHB Hubert Brown 0-0: Called Strike
0-1: Ball
1-1: Fly out, F3 (Popup, 34S)
Top of the 3rd over - 0 runs, 1 hit, 0 errors, 1 left on base; Reading 1 - Intercourse 0
BOTTOM OF THE 3RD
Intercourse Amish batting - Pitching for Reading Rainbows : RHP Matt Barlow
Batting: RHB Pablo Díaz 0-0: Ball
1-0: Called Strike
1-1: SINGLE (Flyball, 9S)
Batting: LHB Jesús Rojas 0-0: Ball
1-0: Called Strike
1-1: Fielders Choice at 2nd, 4-6 (Groundball, 4)
Batting: LHB Dave Reynolds 0-0: Swinging Strike
0-1: Fielders Choice at 2nd, 5-4 (Groundball, 5)
Batting: RHB Juan Estrada 0-0: Ball
Dave Reynolds is caught stealing 2nd base
Bottom of the 3rd over - 0 runs, 1 hit, 0 errors, 0 left on base; Reading 1 - Intercourse 0
TOP OF THE 4TH
Reading Rainbows batting - Pitching for Intercourse Amish : RHP Jeremiah Moran
Batting: RHB Richard Case 0-0: Ball
1-0: Foul Ball, location: 2F
1-1: Swinging Strike
1-2: Strikes out swinging
Batting: RHB Spike Kennedy 0-0: Ball
1-0: Foul Ball, location: 2F
1-1: Foul Ball, location: 2F
1-2: Ball
2-2: Strikes out swinging
Batting: SHB Johnny Jackson 0-0: Ground out 6-3 (Groundball, 6)
Top of the 4th over - 0 runs, 0 hits, 0 errors, 0 left on base; Reading 1 - Intercourse 0
BOTTOM OF THE 4TH
Intercourse Amish batting - Pitching for Reading Rainbows : RHP Matt Barlow
Batting: RHB Juan Estrada 0-0: Ground out 4-3 (Groundball, 4M)
Batting: RHB Mitsuoki Taguchi 0-0: Ball
1-0: Fly out, F4 (Line Drive, 4MD)
Batting: LHB Tony O'Bryan 0-0: Called Strike
0-1: Called Strike
0-2: Strikes out swinging
Bottom of the 4th over - 0 runs, 0 hits, 0 errors, 0 left on base; Reading 1 - Intercourse 0
TOP OF THE 5TH
Reading Rainbows batting - Pitching for Intercourse Amish : RHP Jeremiah Moran
Batting: LHB Júlio Lorenzo 0-0: Ball
1-0: Swinging Strike
1-1: Ball
2-1: Ball
3-1: Hit by Pitch
Batting: RHB José Moreno 0-0: Swinging Strike
0-1: Ball
1-1: Foul Ball, location: 2F
1-2: Strikes out swinging
Batting: RHB Juan Magdayao 0-0: Ball
1-0: Ball
Júlio Lorenzo steals 2nd base
2-0: Swinging Strike
2-1: Swinging Strike
2-2: Fly out, F8 (Flyball, 8LM)
Batting: RHB Ethan Moore 0-0: Fly out, F9 (Flyball, 9D)
Top of the 5th over - 0 runs, 0 hits, 0 errors, 1 left on base; Reading 1 - Intercourse 0
BOTTOM OF THE 5TH
Intercourse Amish batting - Pitching for Reading Rainbows : RHP Matt Barlow
Batting: LHB Bruce Foster 0-0: Foul Ball, location: 2F
0-1: Foul Ball, location: 2F
0-2: Ball
1-2: Foul Ball, location: 2F
1-2: Ball
2-2: Ball
3-2: Base on Balls
Batting: SHB Conan Hanson 0-0: Called Strike
0-1: Ball
1-1: Fielders Choice at 2nd, 6-4 (Groundball, 6)
Batting: RHB Roberto Solís 0-0: Fly out, F1 (Line Drive, 13)
Batting: RHB Pablo Díaz 0-0: Ball
1-0: Ball
2-0: Ball
3-0: Called Strike
3-1: Ground out 4-3 (Groundball, 4)
Bottom of the 5th over - 0 runs, 0 hits, 0 errors, 1 left on base; Reading 1 - Intercourse 0
TOP OF THE 6TH
Reading Rainbows batting - Pitching for Intercourse Amish : RHP Jeremiah Moran
Batting: LHB Ryan Flynn 0-0: Ball
1-0: Called Strike
1-1: Called Strike
1-2: Foul Ball, location: 2F
1-2: Fly out, F9 (Flyball, 9LM)
Batting: RHB Hubert Brown 0-0: Ground out 5-3 (Groundball, 56S)
Batting: RHB Richard Case 0-0: Foul Ball, location: 2F
0-1: Ball
1-1: Ground out 6-3 (Groundball, 6)
Top of the 6th over - 0 runs, 0 hits, 0 errors, 0 left on base; Reading 1 - Intercourse 0
BOTTOM OF THE 6TH
Intercourse Amish batting - Pitching for Reading Rainbows : RHP Matt Barlow
Batting: LHB Jesús Rojas 0-0: Foul Ball, location: 2F
0-1: Called Strike
0-2: Ball
1-2: Fly out, F8 (Flyball, 78D)
Batting: LHB Dave Reynolds 0-0: SINGLE (Line Drive, 3D)
Pitching: RHP Millard Manning
Batting: RHB Juan Estrada 0-0: Ball
1-0: Foul Ball, location: 2F
1-1: Foul Ball, location: 2F
1-2: Ball
Dave Reynolds is caught stealing 2nd base
2-2: Foul Ball, location: 2F
2-2: Ground out 1-3 (Groundball, 15S)
Bottom of the 6th over - 0 runs, 1 hit, 0 errors, 0 left on base; Reading 1 - Intercourse 0
TOP OF THE 7TH
Reading Rainbows batting - Pitching for Intercourse Amish : RHP Jeremiah Moran
Batting: RHB Spike Kennedy 0-0: Called Strike
0-1: Ball
1-1: Foul Ball, location: 2F
1-2: Ball
2-2: Foul Ball, location: 2F
2-2: Ball
3-2: Ground out 6-3 (Groundball, 6)
Batting: SHB Johnny Jackson 0-0: Ball
1-0: Ball
2-0: Ball
3-0: Base on Balls
Pitching: RHP António Castaneda
Batting: LHB Júlio Lorenzo 0-0: Ball
1-0: Ball
2-0: Swinging Strike
2-1: Foul Ball, location: 2F
2-2: Strikes out swinging
Batting: RHB José Moreno 0-0: Foul Ball, location: 2F
0-1: Ball
1-1: Called Strike
1-2: Ball
2-2: Ball
3-2: SINGLE (Line Drive, 7S)
Johnny Jackson to second
Johnny Jackson to third
Batting: RHB Juan Magdayao 0-0: Called Strike
0-1: Swinging Strike
0-2: Foul Ball, location: 2F
0-2: Strikes out swinging
Top of the 7th over - 0 runs, 1 hit, 0 errors, 2 left on base; Reading 1 - Intercourse 0
BOTTOM OF THE 7TH
Intercourse Amish batting - Pitching for Reading Rainbows : RHP Millard Manning
Batting: RHB Mitsuoki Taguchi 0-0: Called Strike
0-1: SINGLE (Groundball, 4MD)
Batting: LHB Tony O'Bryan 0-0: Ball
1-0: Sac Bunt - play at first, batter OUT! 3-4
Mitsuoki Taguchi to second
Batting: LHB Bruce Foster 0-0: Called Strike
0-1: Foul Ball, location: 2F
0-2: Ball
1-2: Ball
2-2: Strikes out swinging
Batting: SHB Conan Hanson 0-0: Ball
1-0: Ball
2-0: Ball
3-0: Called Strike
3-1: Base on Balls
Batting: RHB Roberto Solís 0-0: Swinging Strike
0-1: Ball
1-1: Foul Ball, location: 2F
1-2: Foul Ball, location: 2F
1-2: Strikes out swinging
Bottom of the 7th over - 0 runs, 1 hit, 0 errors, 2 left on base; Reading 1 - Intercourse 0
TOP OF THE 8TH
Reading Rainbows batting - Pitching for Intercourse Amish : RHP António Castaneda
Batting: RHB Ethan Moore 0-0: Ball
1-0: Ball
2-0: Swinging Strike
2-1: Ball
3-1: Ground out 5-3 (Groundball, 5)
Batting: LHB Ryan Flynn 0-0: Called Strike
0-1: Ball
1-1: SINGLE (Groundball, 4MD)
Batting: RHB Hubert Brown 0-0: Ball
1-0: Called Strike
1-1: Ball
2-1: Foul Ball, location: 2F
2-2: Fly out, F8 (Flyball, 8LM)
Batting: RHB Richard Case 0-0: Foul Ball, location: 2F
0-1: Foul Ball, location: 2F
0-2: Ball
1-2: Ball
2-2: Foul Ball, location: 2F
2-2: Foul Ball, location: 2F
2-2: Strikes out swinging
Top of the 8th over - 0 runs, 1 hit, 0 errors, 1 left on base; Reading 1 - Intercourse 0
BOTTOM OF THE 8TH
Intercourse Amish batting - Pitching for Reading Rainbows : RHP Millard Manning
Batting: RHB Pablo Díaz 0-0: Swinging Strike
0-1: Called Strike
0-2: Strikes out swinging
Batting: LHB Jesús Rojas 0-0: Called Strike
0-1: Fly out, F7 (Flyball, 7LD)
Batting: LHB Dave Reynolds 0-0: Ball
1-0: Called Strike
1-1: SINGLE (Flyball, 9LS)
Batting: RHB Juan Estrada 0-0: Ball
1-0: Ball
2-0: Ball
3-0: Base on Balls
Dave Reynolds to second
Batting: RHB Mitsuoki Taguchi 0-0: SINGLE (Line Drive, 34D)
Dave Reynolds to third
Juan Estrada to second
Batting: LHB Tony O'Bryan 0-0: Called Strike
0-1: Ball
1-1: Ball
2-1: Called Strike
2-2: Ground out 4-3 (Groundball, 4)
Bottom of the 8th over - 0 runs, 2 hits, 0 errors, 3 left on base; Reading 1 - Intercourse 0
TOP OF THE 9TH
Reading Rainbows batting - Pitching for Intercourse Amish : RHP António Castaneda
Batting: RHB Spike Kennedy 0-0: Called Strike
0-1: Foul Ball, location: 2F
0-2: Strikes out swinging
Pitching: RHP Benjamin Hutchison
Batting: SHB Johnny Jackson 0-0: Called Strike
0-1: Called Strike
0-2: Ball
1-2: Ground out 1-3 (Groundball, 15)
Batting: LHB Júlio Lorenzo 0-0: Ball
1-0: Ball
2-0: Ground out 4-3 (Groundball, 4)
Top of the 9th over - 0 runs, 0 hits, 0 errors, 0 left on base; Reading 1 - Intercourse 0
BOTTOM OF THE 9TH
Intercourse Amish batting - Pitching for Reading Rainbows : RHP Millard Manning
Pitching: LHP Joe Cates
Now at SS: Allen Hobbs
Pinch Hitting: RHB Bob Carr 0-0: Ball
1-0: Ball
2-0: Called Strike
2-1: Ground out 5-3 (Groundball, 56S)
Batting: SHB Conan Hanson 0-0: Called Strike
0-1: Ball
1-1: Ball
2-1: Foul Ball, location: 2F
2-2: Ball
3-2: Ground out 5-3 (Groundball, 5L)
Batting: RHB Roberto Solís 0-0: Fly out, F7 (Flyball, 78D)
Bottom of the 9th over - 0 runs, 0 hits, 0 errors, 0 left on base; Reading 1 - Intercourse 0
Saturday, December 16th, 2017 - OOTP Baseball 18.8 Build 76